 Dungeon Crawl Stone Soup version 0.28-a0-1506-g3893175d92 (webtiles) character file.

Game seed: 10834483991935299138

113 croobank the Insei (level 4, -3/36 HPs)
             Began as a Draconian Transmuter on Jan 14, 2022.
             Killed by nerve-wracking pain
             ... invoked by an orc priest
              (13 damage)
             ... on level 3 of the Dungeon.
             The game lasted 00:11:02 (2752 turns).

croobank the Insei (Draconian Transmuter)           Turns: 2752, Time: 00:11:02

Health: -3/36      AC:  5    Str: 15    XL:     4   Next: 65%
Magic:  7/7        EV: 12    Int: 17    God:
Gold:   92         SH:  0    Dex: 13    Spells: 1/7 levels left

rFire   . . .      SeeInvis .   a - +1 mace "Bivvexa" {vorpal, Str+3 Int+3}
rCold   . . .      Faith    .   (no shield)
rNeg    . . .      Spirit   .   (armour unavailable)
rPois   .          Reflect  .   (helmet restricted)
rElec   .          Harm     .   (no cloak)
rCorr   .          Rampage  .   (no gloves)
Will    .....                   (no boots)
Stlth   +.........              f - amulet of magic regeneration
HPRegen 0.12/turn               (no ring)
MPRegen 0.50/turn               (no ring)

@: wereblooded
A: AC +5, unfitting armour, cold-blooded
a: no special abilities


You were on level 3 of the Dungeon.
You visited 1 branch of the dungeon, and saw 3 of its levels.

You collected 92 gold pieces.

Inventory:

Hand Weapons
 a - the +1 mace "Bivvexa" (weapon) {vorpal, Str+3 Int+3}
   (You found it on level 2 of the Dungeon)

   It inflicts extra damage upon your enemies.
   Str:       It affects your strength (+3).
   Int:       It affects your intelligence (+3).
 b - a +0 hunting sling
 c - a +2 vampiric whip
 k - a +0 hand axe
 n - a +0 mace
Missiles
 g - 64 stones
 m - 39 bolts
 o - 54 sling bullets
Jewellery
 f - an amulet of magic regeneration (around neck)
 h - an amulet of reflection
 q - an amulet of faith
Scrolls
 j - 4 scrolls of identify {unknown}
 s - a scroll of fog {unknown}
Potions
 d - a potion of degeneration {unknown}
 e - a potion of brilliance {unknown}
 i - a potion of curing {unknown}
 l - a potion of might {unknown}
 p - a potion of heal wounds {unknown}
 r - 2 potions of mutation {unknown}


   Skills:
 + Level 2.3 Fighting
 + Level 1.7 Maces & Flails
 + Level 0.5 Slings
 + Level 2.4 Dodging
 - Level 3.0 Unarmed Combat
 - Level 2.4 Spellcasting
 + Level 0.5 Conjurations
 + Level 0.7 Hexes
 - Level 2.5 Transmutations


You had one spell level left.
You knew the following spells:

 Your Spells              Type           Power      Damage    Failure   Level
a - Beastly Appendage     Tmut           20%        N/A       7%          1
b - Wereblood             Tmut           10%        N/A       10%         2
c - Dazzling Flash        Conj/Hex       8%         N/A       41%         3

Your spell library contained the following spells:

 Spells                   Type           Power      Damage    Failure   Level
 Spider Form              Tmut/Pois      6%         N/A       32%         3
 Ice Form                 Ice/Tmut       6%         N/A       73%         4
 Agony                    Necr           2%         N/A       99%         5
 Silence                  Hex/Air        1%         N/A       99%         5
 Summon Forest            Summ/Tloc      1%         N/A       99%         5
 Summon Mana Viper        Hex/Summ       3%         N/A       99%         5
 Summon Cactus Giant      Summ           1%         N/A       100%        6


Dungeon Overview and Level Annotations

Branches:
Dungeon (3/15)

Altars:
Gozag

Shops:
D:3 *


Innate Abilities, Weirdness & Mutations

Your plain brown scales are hard. (AC +5)
You cannot fit into any form of body armour.
You are cold-blooded and may be slowed by cold attacks.


Message History

A giant cockroach comes into view.
A kobold comes into view.
It is wielding a +2 vampiric short sword and carrying a wand of iceblast (5).
The kobold shouts!
The giant cockroach closely misses you.
You hit the giant cockroach but do no damage.
You claw the giant cockroach.
You kill the giant cockroach!
The kobold throws a stone.
The stone hits you.
An orc comes into view. It is wielding a +0 club.
The kobold throws a stone.
The stone misses you.
The orc priest looks satisfied for a moment.
The orc shouts!
The kobold hits you but does no damage.
Casting: Beastly Appendage (safe; 7% risk of failure)
Confirm with . or Enter, or press ? or * to list all spells.
Your blood is infused with primal strength.
Your horns disappear.
Your talons disappear.
The kobold misses you.
The kobold zaps a wand.
The mass of ice explodes!
The iceblast engulfs you!
The iceblast engulfs the kobold.
The kobold dies!
You hear a shout!
The orc priest hits you but does no damage.
You completely miss the orc priest.
The orc priest hits you with a +0 dagger.
The orc closely misses you. The orc priest closely misses you.
You barely miss the orc priest.
You punch the orc priest, but do no damage.
The orc hits you with a +0 club.
* * * LOW HITPOINT WARNING * * *
The orc priest hits you but does no damage.
The orc barely misses you.
You barely miss the orc priest. The orc priest barely misses you.
The orc barely misses you.
You sock the orc priest!
The orc priest is heavily wounded.
The orc priest barely misses you. The orc completely misses you.
The orc priest calls down the wrath of Beogh upon you.
Pain shoots through your body!
You die...

#.#.....≈≈≈≈≈≈≈..
#.#..........##
#.#..........#
#.####.......# #.#
#.......###########
#.#
#.................#
#.#
#######...........#
..................
######....@oo....#
#..)..o.....#
#...........#
#...........#
#...........#
#############


You could see an orc priest and 2 orcs.

Vanquished Creatures
  3 adders
  3 worms
  2 dart slugs
  An orc (D:3)
  10 ball pythons
  7 bats
  3 endoplasms
  4 giant cockroaches
  6 goblins
  3 hobgoblins
  9 jackals
  10 kobolds
  3 quokkas
  3 frilled lizards
  2 rats
69 creatures vanquished.

Vanquished Creatures (others)
  A kobold (D:3)
1 creature vanquished.

Grand Total: 70 creatures vanquished

Notes
Turn   | Place    | Note
-------+----------+-------------------------------------------
     0 | D:1      | croobank the Draconian Transmuter began the quest for the
                  | Orb.
     0 | D:1      | Reached XP level 1. HP: 16/16 MP: 3/3
   150 | D:1      | Reached XP level 2. HP: 19/23 MP: 3/5
   154 | D:1      | Learned a level 2 spell: Wereblood
  1022 | D:2      | Reached skill level 1 in Maces & Flails
  1049 | D:2      | Reached XP level 3. HP: 29/29 MP: 6/6
  1288 | D:2      | Learned a level 3 spell: Dazzling Flash
  1568 | D:2      | Identified the +1 mace "Bivvexa" {vorpal, Str+3 Int+3}
  2249 | D:3      | Reached XP level 4. HP: 36/36 MP: 5/7
  2730 | D:3      | Found Gozag's Platinum Reserve.
  2737 | D:3      | Found an opulent altar of Gozag.
  2752 | D:3      | Killed from afar by an orc priest

Illustrated notes

Levels and vault maps discovered:
D:1:      eino_arrival_water_cross, layout_basic, serial_park_tiny_pond,
          minmay_circled_x
D:2:      layout_loops_ring, amethyst_killhole, serial_bayou_pond_c
D:3:      layout_basic, nicolae_gozag_zags_fifth_avenue

Skill      XL: |  1  2  3 |
---------------+----------+-----
Dodging        | 2 |  2.4
Maces & Flails | 1 |  1.7
Fighting       | 2 |  2.3
Slings         | |  0.5
Unarmed Combat | |  3.0
Spellcasting   | |  2.4
Conjurations   | |  0.5
Hexes          | |  0.7
Transmutations | |  2.5

Action                   |  1- 3 |  4- 6 || total
-------------------------+-------+-------++-------
Melee: Mace              |   100 |    36 ||   136
       Tailslap          |    13 |     2 ||    15
       Kick              |    12 |     9 ||    21
       Punch             |     4 |     1 ||     5
       Headbutt          |     4 |     1 ||     5
 Fire: Hunting sling     |     7 |       ||     7
 Cast: Beastly Appendage |    27 |     5 ||    32
       Wereblood         |     2 |     1 ||     3
  Use: Scroll            |     1 |     1 ||     2
 Stab: Sleeping          |     1 |     1 ||     2
Armor: Skin              |    48 |    11 ||    59
Dodge: Dodged            |    83 |    26 ||   109

Table legend: (Time is in decaauts)
 A = Elapsed time spent in this place.
 B = Non-inter-level travel time spent in this place.
 C = Inter-level travel time spent in this place.
 D = Time resting spent in this place.
 E = Time spent auto-exploring this place.
 F = Levels seen in this place.
 G = Mean time per level.
                   A        B        C        D        E       F      G
               +--------+--------+--------+--------+--------+-----+--------+
         Total |   2802 |   2770 |     32 |    163 |   1936 |   3 |  934.0 |
       Dungeon |   2802 |   2770 |     32 |    163 |   1936 |   3 |  934.0 |
               +--------+--------+--------+--------+--------+-----+--------+

Top non-repeatable levels by time:
     D:2: 1122 daAuts
     D:1: 1003 daAuts
     D:3: 676 daAuts
